[Event "*** Biggest EVER Titled Tuesday"]
[Site "Chess.com"]
[Date "2018.04.17"]
[Round "5"]
[White "Mimsychess"]
[Black "WinnerOleg"]
[Result "1-0"]
[WhiteElo "2312"]
[BlackElo "2324"]
[TimeControl "180+2"]
[EndTime "14:09:57 PDT"]
[Termination "Mimsychess won by resignation"]

1. d4 Nf6 2. c4 e6 3. Nf3 d5 4.
Nc3 Be7 5. Bf4 O-O 6. Rc1 c5 7. dxc5 dxc4 8. Qxd8 Rxd8 9. e3 Bxc5 10. Bxc4 b6 11. O-O Ba6 12. Bxa6 Nxa6 13. a3 Rac8 14. Nb5 Nd5 15. Nxa7 Nxf4 16. exf4 Ra8 17. Nc6 Rd6 18. Nce5 f6 19. Nc4 Rd3 20. b4 Bd4 21. Rfd1 Rxd1+ 22. Rxd1 b5 23. Rxd4 bxc4 24. Rxc4 Kf7 25.
g3 Kg6 26. b5 Nb8 27. Rc8 Rxa3 28. Nh4+ Kh5 29. Rxb8 g5 30. fxg5 fxg5 31. Rh8 h6 32.
Kg2 gxh4 33. Rc8 hxg3 34. fxg3 Rb3 35. Rc5+ Kg6 36. h4 Kf6 37. Kh3 Rb4 38. g4 Rb3+ 39. Kg2 Kg6 40. Kf2 Kf6 41. g5+ hxg5 42. hxg5+ Kg6 43.
Ke2 Rb1 44. Kd3 Re1 45. Kc4 e5 46. b6 Rb1 47. Rb5 Rc1+ 48. Kd5 Rc8 49. Kxe5 Kxg5 50. Kd6+ Kf4 51. b7 1-0

[Event "*** Biggest EVER Titled Tuesday"]
[Site "Chess.com"]
[Date "2018.04.17"]
[Round "5"]
[White "TBergh98"]
[Black "Orest_Vovk"]
[Result "0-1"]
[WhiteElo "2228"]
[BlackElo "2248"]
[TimeControl "180+2"]
[EndTime "14:09:57 PDT"]
[Termination "Orest_Vovk won by checkmate"]

1. d4 Nc6 2. Nf3 d6 3. e4 e5 4.
Nc3 Bg4 5. dxe5 dxe5 6. Nd5 Nf6 7. Nxf6+ gxf6 8. Be3 Qxd1+ 9. Rxd1 Rd8 10. Bb5 Rxd1+ 11. Kxd1 Kd7 12. Kc1 a6 13. Rd1+ Bd6 14. Ba4 b5 15. Bb3 Ke7 16. c3 Na5 17. h3 Nxb3+ 18. axb3 Bxf3 19. gxf3 Rg8 20. h4 h5 21. Kd2 a5 22. Ra1 Ra8 23. Kd3 a4 24. bxa4 bxa4 25.
Kc4 a3 26. bxa3 Kd7 27. a4 Ra5 28. Kb3 Kc6 29. Bh6 Ra8 30. a5 Kb5 31. c4+ Ka6 32.
Bg7 Rb8+ 33. Kc2 Be7 34. Ra2 Rg8 35. Bh6 f5 36. exf5 Bxh4 37. Kd3 Be7 38. Ke4 f6 39. f4 Bd6 40. c5 Bxc5 41. fxe5 fxe5 42. Kxe5 h4 43. f3 h3 44. Rh2 Bd6+ 45. Ke6 Bxh2 46.
f6 Bd6 47. f7 Rh8 48. Bg7 h2 49. Bxh8 h1=Q 50. Bd4 Qxf3 51. Bf6 Qe4+ 52. Kd7 Qf5+ 53.
Ke8 Qxf6 54. Kd7 Qxf7+ 55. Kc6 Qe8+ 56. Kd5 Kxa5 57. Kd4 Qe5+ 58. Kd3 Qf4 59. Ke2 Qg3 60. Kd2 Qf3 61. Kc2 Qe3 62. Kb2 Qd3 63. Ka2 Qc3 64. Kb1 Qd2 65. Ka1 Be5+ 66. Kb1 Qb2# 0-1

[Event "*** Biggest EVER Titled Tuesday"]
[Site "Chess.com"]
[Date "2018.04.17"]
[Round "5"]
[White "Sebastian"]
[Black "Wraku89"]
[Result "0-1"]
[WhiteElo "2775"]
[BlackElo "2611"]
[TimeControl "180+2"]
[EndTime "14:09:58 PDT"]
[Termination "Wraku89 won by resignation"]

1. e4 g6 2. d4 Bg7 3. Nc3 c6 4. f4 d5 5. e5 Qb6 6. Na4 Qc7 7.
Nf3 Nh6 8. Be3 f6 9. h3 O-O 10. Qd2 Nf5 11. Bf2 fxe5 12. dxe5 e6 13. Bd3 b6 14. Nc3 Nd7 15. O-O-O Nc5 16. g4 Ne7 17. h4 Nxd3+ 18. cxd3 c5 19. h5 d4 20. Ne4 Nd5 21.
Bg3 c4 22. Nxd4 cxd3+ 23. Kb1 Qc4 24. Bf2 Nxf4 25. hxg6 Nxg6 26. Nf6+ Bxf6 27. exf6 Rxf6 28. Be3 Bb7 29. Rhe1 Rd8 30. Rc1 Qd5 31. Ka1 Qg2 32.
Qc3 Qxg4 33. Rg1 Qe4 34. Rce1 Rf7 35. Bf2 Qd5 36. Be3 Rc8 37. Qd2 e5 38. Nb3 e4 39.
Nd4 Rd8 40. Qh2 b5 41. Rxg6+ hxg6 42. Rh1 Qh5 43. Qg2 d2 44. Bxd2 Qxh1+ 45. Qxh1 Rxd4 46. Be3 Rd3 47. a3 Rxe3 48. Qh6 Re1+ 49. Ka2 Bd5+ 0-1

[Event "*** Biggest EVER Titled Tuesday"]
[Site "Chess.com"]
[Date "2018.04.17"]
[Round "5"]
[White "Koksik_13"]
[Black "daro94"]
[Result "0-1"]
[WhiteElo "2489"]
[BlackElo "2719"]
[TimeControl "180+2"]
[EndTime "14:10:02 PDT"]
[Termination "daro94 won on time"]

1. e4 c5 2. Nf3 d6 3. Bb5+ Nd7 4.
d4 cxd4 5. Qxd4 a6 6. Bxd7+ Bxd7 7. c4 Nf6 8. Nc3 g6 9. Bg5 Bg7 10. Qd3 O-O 11. O-O b5 12. b3 bxc4 13. bxc4 Rc8 14.
Rac1 Be6 15. Nd5 Bxd5 16. cxd5 Qa5 17. Nd4 Rxc1 18. Rxc1 Qxa2 19. Nc6 e6 20. Nb4 Qa4 21. Bxf6 Bxf6 22. Nxa6 exd5 23. exd5 Bg5 24. Rb1 Rc8 25. g3 Qc2 26. Qxc2 Rxc2 27. Kf1 Bf6 28. Re1 Rd2 29. Nc7 Bc3 30. Re2 Rd1+ 31. Kg2 Ba5 32. Re8+ Kg7 33. Re7 Kf6 34. Rd7 Bxc7 35. Rxc7 Rxd5 36.
Kf3 h5 37. h4 Rd4 38. Ke3 Ra4 39. Rc8 Ke6 40. Re8+ Kf6 41. Rd8 Ke7 42. Rb8 Ra6 43.
Ke4 Ra2 44. f3 Ra4+ 45. Ke3 Ke6 46. Rb5 Rc4 47. Kd3 Rc5 48. Rb7 Re5 49. Kd4 Re1 50. g4 hxg4 51. fxg4 Rg1 52. Ke3 Rxg4 53. Rb4 Rxb4 0-1

[Event "*** Biggest EVER Titled Tuesday"]
[Site "Chess.com"]
[Date "2018.04.17"]
[Round "5"]
[White "colemman"]
[Black "hilary444"]
[Result "1-0"]
[WhiteElo "2508"]
[BlackElo "2515"]
[TimeControl "180+2"]
[EndTime "14:10:03 PDT"]
[Termination "colemman won by resignation"]

1. d4 d5 2. Nf3 Nf6 3. Nbd2 Bf5 4. c3 e6 5. Qb3 b6 6. Nh4 Bg4 7. h3 Bh5 8. g4 Nfd7 9. Ndf3 Bg6 10. Nxg6 hxg6 11.
Bg2 c5 12. Bf4 Nc6 13. e3 Be7 14. O-O Nf6 15. Ne5 Nxe5 16. dxe5 Nd7 17. c4 dxc4 18. Qa4 Rc8 19. Rad1 Qc7 20. Rd2 a6 21. Rfd1 b5 22. Qxa6 Nb6 23. Qxb5+ Kf8 24. a4 g5 25. Bg3 g6 26. a5 Nd5 27. Bxd5 exd5 28. Rxd5 Qc6 29. Qxc4 Rxh3 30. b4 cxb4 31. Qxc6 Rxc6 32. Rb5 Rh8 33. Rd7 Re6 34. Rbb7 b3 35. a6 Rxa6 36. Rxe7 b2 37. Rxf7+ Ke8 38. Rfc7 Ra1+ 39. Kg2 Kd8 40. Rd7+ Ke8 41.
Re7+ Kd8 42. Red7+ Ke8 43. Rdc7 Kd8 44. e6 b1=Q 45. e7+ Ke8 46. Rxb1 Rxb1 47. Rc8+ Kxe7 48.
Rxh8 Kf7 49. Rb8 Rd1 50. Rb6 Rd2 51. Kf3 Ra2 52. Be5 Ra4 53. Bd4 1-0

[Event "*** Biggest EVER Titled Tuesday"]
[Site "Chess.com"]
[Date "2018.04.17"]
[Round "5"]
[White "MITerryble"]
[Black "BillieKimbah"]
[Result "1/2-1/2"]
[WhiteElo "2654"]
[BlackElo "2758"]
[TimeControl "180+2"]
[EndTime "14:10:04 PDT"]
[Termination "Game drawn by repetition"]

1. d4 d6 2. Nf3 g6 3. e4 Nf6 4.
Nc3 Bg7 5. h3 O-O 6. Be2 c6 7.
a4 Qc7 8. O-O e5 9. Re1 exd4 10.
Nxd4 Re8 11. Bc4 Nbd7 12. Bf4 Ne5 13. Bb3 a5 14. Ndb5 cxb5 15. Nxb5 Qe7 16. Nxd6 Rf8 17. Qd2 Bd7 18. Bxe5 Qxe5 19. Nxf7 Rxf7 20. Bxf7+ Kxf7 21. f4 Qc5+ 22. Kh2 Bc6 23. e5 Nd5 24. f5 gxf5 25.
Qg5 Qe7 26. Qxf5+ Kg8 27. Rad1 Rf8 28. Qg4 Nf4 29. Rd2 h5 30. Qg3 Rf5 31. Rf2 Qg5 32. e6 Nxg2 33. Rxg2 Bxg2 34. Qxg2 Qf4+ 35. Kh1 Qh4 36.
Rg1 Rg5 37. e7 Kf7 38. Rf1+ Ke8 39. Qf3 Kxe7 40. Qxb7+ Ke8 41. Qc8+ Ke7 42. Qc7+ Ke6 43. Qc6+ Ke5 44. Qc5+ Ke6 45. Qc6+ Ke7 46. Qc7+ Ke6 47.
Qc6+ Ke7 48. Qb7+ Ke6 49. Qb6+ Ke7 50. Qa7+ Ke6 51. Qa6+ Ke7 52. Qb7+ Ke6 53. Qc8+ Ke7 54. Qc7+ 1/2-1/2

[Event "*** Biggest EVER Titled Tuesday"]
[Site "Chess.com"]
[Date "2018.04.17"]
[Round "5"]
[White "Bigfish1995"]
[Black "gmjlh"]
[Result "1-0"]
[WhiteElo "2769"]
[BlackElo "2561"]
[TimeControl "180+2"]
[EndTime "14:10:04 PDT"]
[Termination "Bigfish1995 won by checkmate"]

1. d4 d5 2. c4 e6 3. Nf3 Nf6 4. g3 Be7 5. Bg2 O-O 6. O-O dxc4 7. Qc2 a6 8. a4 Bd7 9. Qxc4 Bc6 10. Nc3 a5 11.
Re1 Ne4 12. Qd3 Nxc3 13. bxc3 Na6 14. Qc2 f5 15. Ba3 Bxa3 16. Rxa3 Be4 17. Qb3 Qd5 18.
Nh4 c5 19. Qxd5 Bxd5 20. Bxd5 exd5 21. e3 f4 22. gxf4 cxd4 23. cxd4 Nb4 24. Rc1 Rfc8 25. Rxc8+ Rxc8 26. Nf5 Kf8 27. Nd6 Rc1+ 28. Kg2 b6 29.
Nb5 Rc4 30. Rc3 Na2 31. Rxc4 dxc4 32. Kf3 c3 33. Na3 Nb4 34. Ke2 Ke7 35. f3 Kd7 36.
Nb5 Nd5 37. Na3 Nb4 38. e4 Kc6 39. f5 Kd7 40. h4 h5 41. Ke3 Kc6 42. Ke2 Kd7 43.
d5 Kd8 44. Nc4 Kc7 45. Ne3 Kd6 46. f4 Kc5 47. e5 b5 48. e6 Kd6 49. axb5 a4 50.
Nc4+ Ke7 51. d6+ Ke8 52. b6 a3 53. Nxa3 Nd5 54. b7 Ne7 55. b8=Q+ Nc8 56. Qxc8# 1-0

[Event "*** Biggest EVER Titled Tuesday"]
[Site "Chess.com"]
[Date "2018.04.17"]
[Round "5"]
[White "murmah2003"]
[Black "AlexTriapishko"]
[Result "0-1"]
[WhiteElo "2541"]
[BlackElo "2696"]
[TimeControl "180+2"]
[EndTime "14:10:04 PDT"]
[Termination "AlexTriapishko won on time"]

1. d4 Nf6 2. c4 g6 3. Nc3 Bg7 4. e4 d6 5. Nf3 O-O 6. Be2 e5 7.
Be3 exd4 8. Nxd4 Re8 9. f3 c6 10. Qd2 d5 11. exd5 cxd5 12. O-O Nc6 13. Rad1 Nxd4 14. Bxd4 dxc4 15. Bxc4 Be6 16. Bxe6 Rxe6 17. Bf2 Qe7 18. Rfe1 a6 19. Rxe6 Qxe6 20. Qd6 Rc8 21. Qxe6 fxe6 22. Bd4 Rc7 23. Be5 Rd7 24. Bxf6 Rxd1+ 25. Nxd1 Bxf6 26. Kf2 Bd4+ 27. Ke2 Kf7 28. Kd3 Bg1 29.
h3 Kf6 30. Ke4 Kg5 31. Nc3 Bh2 32. Ne2 Bd6 33. g3 Kf6 34. b3 h5 35. h4 Bb4 36. Nf4 Be1 37. Ne2 e5 38. a4 a5 39.
f4 exf4 40. Kxf4 b6 41. Ke4 Bf2 42. Kf3 Be1 43. Nf4 Bd2 44. Nd5+ Ke5 45. Nxb6 Kd4 46. Nc4 Bb4 0-1

[Event "*** Biggest EVER Titled Tuesday"]
[Site "Chess.com"]
[Date "2018.04.17"]
[Round "5"]
[White "Blitzking4444"]
[Black "Bryakin_Mikhail"]
[Result "1/2-1/2"]
[WhiteElo "1972"]
[BlackElo "2604"]
[TimeControl "180+2"]
[EndTime "14:10:06 PDT"]
[Termination "Game drawn by repetition"]

1. e4 c5 2. Nf3 Nc6 3. Bb5 g6 4. Bxc6 dxc6 5. h3 Bg7 6. d3 Nh6 7. O-O f6 8. Be3 b6 9. a4 a5 10. Nbd2 Nf7 11. Nc4 e5 12. b4 axb4 13. a5 bxa5 14.
Bxc5 Be6 15. Nfd2 Bf8 16. Bb6 Qb8 17. Ra4 Nd6 18. Bxa5 Nxc4 19. Nxc4 Qb5 20. Qa1 Bxc4 21. dxc4 Qxc4 22. Bb6 Rxa4 23. Qxa4 Kf7 24. Rd1 Be7 25.
Rd7 Re8 26. Qa7 Kf8 27. Rxe7 Rxe7 28. Bc5 Qe6 29. Bxb4 Kf7 30. Bxe7 Qxe7 31. Qa2+ Qe6 32. Qa7+ Qe7 33. Qa2+ Kg7 34. Qc4 Qd6 35. Kh2 Kf8 36.
g3 Kg7 37. Kg2 f5 38. exf5 gxf5 39. Qh4 Qd5+ 40. Kh2 Qe6 41. Qg5+ Kf7 42. Qh5+ Kg7 43. Qg5+ Kf8 44. Qh5 h6 45. g4 fxg4 46. hxg4 Qf6 47. Kg2 Ke7 48. Qh3 Qf4 49. Qh4+ Ke6 50. Qh3 Qe4+ 51. Kg1 Qe1+ 52. Kg2 Qe4+ 53. Kg1 Qf4 54. g5+ Qf5 55. Qxf5+ Kxf5 56. gxh6 Kg6 57. Kg2 Kxh6 58. Kf3 Kg5 59. Ke4 Kf6 60. f4 exf4 61. Kxf4 Ke6 62.
Ke4 Kd6 63. Kd4 Kc7 64. Kc5 Kd7 65. c3 Kc7 66. c4 Kb7 67. Kb4 Kb6 68. c5+ Kc7 69.
Ka5 Kb7 70. Kb4 Ka6 71. Ka4 Kb7 72. Ka5 Ka7 73. Kb4 Kb8 74. Kc4 Kc7 75. Kd4 Kd7 76. Ke5 Ke7 77. Kf5 Kf7 78. Ke5 Ke7 79. Kf5 Kf7 80. Ke5 Ke7 81. Kf5 Kf7 82. Ke5 Ke7 83. Kf5 1/2-1/2

[Event "*** Biggest EVER Titled Tuesday"]
[Site "Chess.com"]
[Date "2018.04.17"]
[Round "5"]
[White "wonderfultime"]
[Black "shyam"]
[Result "1-0"]
[WhiteElo "2789"]
[BlackElo "2576"]
[TimeControl "180+2"]
[EndTime "14:10:07 PDT"]
[Termination "wonderfultime won by resignation"]

1. d4 Nf6 2. Bf4 g6 3. e3 Bg7 4. Nf3 O-O 5. h3 d6 6. Be2 Nc6 7. O-O Nd7 8. c3 e5 9. dxe5 Ndxe5 10. Nbd2 h6 11. Bh2 Kh7 12. Re1 Qe7 13. Nd4 f5 14.
Qc2 Nf7 15. Rad1 Ng5 16. Bf1 Bd7 17. Qb3 Rab8 18. Qc2 Rbe8 19. Qb3 Bc8 20. Qb5 Nd8 21.
Qa4 a6 22. Ne2 Nc6 23. Nf4 Bd7 24. Qb3 Bc8 25. Nd5 Qf7 26. Nf4 Qe7 27. Bg3 Be5 28. Nd5 Qf7 29. f4 Be6 30. c4 Nxh3+ 31. gxh3 Bg7 32. Qxb7 Ne7 33. Qxc7 Bxb2 34. Bg2 g5 35. Qxd6 Ng6 36. Nf3 g4 37. hxg4 fxg4 38. Nh4 Nxh4 39. Bxh4 g3 40. Ne7 Bf6 41. Bxf6 Qxf6 42.
Nd5 Qh4 43. Rd2 Rf7 44. Kf1 Qh2 45. Be4+ Kh8 46. Rxh2 gxh2 47. Kf2 Bg4 48. Qxh6+ Kg8 49. Bg6 Rg7 50. Nf6+ Kf8 51. Qh8+ 1-0

[Event "*** Biggest EVER Titled Tuesday"]
[Site "Chess.com"]
[Date "2018.04.17"]
[Round "5"]
[White "ArnaudovP"]
[Black "Marcin"]
[Result "1/2-1/2"]
[WhiteElo "2473"]
[BlackElo "2287"]
[TimeControl "180+2"]
[EndTime "14:10:07 PDT"]
[Termination "Game drawn by stalemate"]

1. Nf3 c5 2. c4 Nc6 3. d4 cxd4 4. Nxd4 g6 5. e4 Nf6 6. Nc3 Nxd4 7. Qxd4 d6 8. Be2 Bg7 9. Be3 O-O 10. Qd2 a5 11. O-O a4 12. Rfd1 Be6 13. c5 Ne8 14. cxd6 Nxd6 15.
f3 Nc4 16. Bxc4 Bxc4 17. Rac1 Qxd2 18. Rxd2 a3 19. b4 Rfc8 20. Kf2 Be6 21. Ne2 Bb2 22. Rxc8+ Rxc8 23. Bd4 Bxd4+ 24. Nxd4 Rc4 25. Nxe6 fxe6 26.
Kg3 Rxb4 27. Rd3 Ra4 28. Rb3 Ra7 29. Rb6 Kf7 30. h4 h6 31. Kf4 Kf6 32. e5+ Kf7 33. Kg4 Ra5 34. f4 Rc5 35. Rb3 Rc2 36. Rxa3 Rxg2+ 37.
Kf3 Rb2 38. Ra8 Rb4 39. Kg3 Rb1 40. a4 Rb3+ 41. Kg2 Ra3 42. Ra5 g5 43. hxg5 hxg5 44. fxg5 Kg6 45. Rb5 Rxa4 46. Rxb7 Kxg5 47. Rxe7 Kf5 48.
Kf3 Ra3+ 49. Ke2 Kxe5 50. Rb7 Rh3 51. Rb5+ Kf6 52. Kf2 e5 53. Rb8 Kf5 54. Rb4 Rc3 55. Ra4 Rd3 56. Rb4 Ke6 57. Ra4 Kd5 58. Ke2 Rd4 59. Rxd4+ Kxd4 60. Kd2 Ke4 61. Ke2 Kf4 62. Kf2 e4 63. Ke2 e3 64. Ke1 Ke4 65. Ke2 Kd4 66.
Ke1 Ke5 67. Kd1 Ke4 68. Ke2 Kf4 69. Ke1 Kf3 70. Kf1 e2+ 71. Ke1 Ke3 1/2-1/2

[Event "*** Biggest EVER Titled Tuesday"]
[Site "Chess.com"]
[Date "2018.04.17"]
[Round "5"]
[White "TST2014"]
[Black "IMAghasiyevKamal"]
[Result "0-1"]
[WhiteElo "2328"]
[BlackElo "2516"]
[TimeControl "180+2"]
[EndTime "14:10:09 PDT"]
[Termination "IMAghasiyevKamal won on time"]

1. d4 Nf6 2. c4 g6 3. Nc3 d5 4.
Nf3 Bg7 5. Bg5 Ne4 6. Bf4 Nxc3 7.
bxc3 c5 8. e3 O-O 9. Qb3 cxd4 10.
exd4 dxc4 11. Bxc4 Nc6 12. Be2 b6 13. Qa4 Bb7 14. Ba6 Bxa6 15. Qxa6 Qd5 16. O-O Na5 17. Rfe1 e6 18. Be5 Rfc8 19. Bxg7 Kxg7 20. Qd3 Qc4 21.
Re3 Qxd3 22. Rxd3 Rc7 23. Kf1 Rac8 24. Rc1 b5 25. a3 Nc4 26. Ra1 Nb2 27. Re3 Rxc3 28.
Rxc3 Rxc3 29. Rb1 Nc4 30. Rxb5 Rxa3 31. Rb7 h6 32. Rc7 Ra4 33. Ke2 Kf8 34. Kd3 Nd6 35. Rd7 Ra3+ 36. Ke2 Ra6 37. Ne5 Ke8 38. Rc7 g5 39. Ng4 Nb5 40. Nf6+ Kf8 41. Rc8+ Kg7 42.
Ne8+ Kg6 43. Kd3 Ra3+ 44. Ke4 a5 45. Rc5 Nc3+ 46. Ke5 Nd5 47. Kd6 a4 48. Nc7 Rd3 49. Rc4 Nxc7 50. Kxc7 a3 51. Ra4 Rd2 52. g4 a2 53. Kd6 Rxf2 54. Ke7 Rxh2 55. d5 exd5 56. Ra6+ Kg7 57. Rg6+ Kxg6 0-1

[Event "*** Biggest EVER Titled Tuesday"]
[Site "Chess.com"]
[Date "2018.04.17"]
[Round "5"]
[White "nochewycandy"]
[Black "Alopekos"]
[Result "0-1"]
[WhiteElo "2058"]
[BlackElo "2299"]
[TimeControl "180+2"]
[EndTime "14:10:10 PDT"]
[Termination "Alopekos won by checkmate"]

1. c4 e5 2. g3 Nc6 3. Bg2 Bc5 4. Nc3 a6 5. e3 d6 6. Nge2 Ba7 7. O-O h5 8. d4 h4 9. f4 hxg3 10. hxg3 Bg4 11. d5 Nce7 12. fxe5 Nf5 13. Qd3 Qg5 14. Ne4 Bxe3+ 15. Bxe3 Qxe3+ 16. Qxe3 Nxe3 17. Rf2 dxe5 18. d6 f5 19. Nc5 Nxg2 20. Kxg2 cxd6 21. Nxb7 Ke7 22.
Na5 Nf6 23. Nc3 Rh6 24. Nc6+ Ke6 25. Re1 Rah8 26. Nd4+ Kd7 27. Nf3 Bh3+ 28. Kg1 Bg4 29. Nh2 Bh3 30. c5 e4 31. cxd6 Kxd6 32. Rd2+ Kc6 33.
Ne2 Bg4 34. Nd4+ Kc5 35. Nxg4 Rh1+ 36. Kf2 Nxg4+ 37. Ke2 R8h2+ 38. Kd1 Rxd2+ 39. Kxd2 Rxe1 40. Nb3+ Kc4 41. Kxe1 Kd3 42. Nc5+ Kc2 43. Nxa6 Kxb2 44. a4 Ka3 45. Nc5 Kb4 46. Ne6 g6 47. a5 Kxa5 48. Nf4 Ne5 49. g4 Kb4 50. gxf5 gxf5 51. Ke2 Kc4 52. Ne6 Nd3 53. Ke3 Kd5 54. Ng5 f4+ 55. Kd2 Ne5 56. Ke2 Kd4 57. Ne6+ Kc4 58. Nxf4 Ng4 59. Ng2 Kd4 60. Kd2 Ne5 61. Ke2 Nf3 62. Kf2 Kd3 63. Ne3 Ne5 64. Nf5 Kd2 65. Ne3 Nd3+ 66.
Kf1 Kxe3 67. Kg1 Kd2 68. Kg2 e3 69. Kf3 e2 70. Kg2 e1=Q 71. Kh2 Qf2+ 72. Kh1 Qf3+ 73. Kh2 Nf4 74. Kg1 Qg2# 0-1

[Event "*** Biggest EVER Titled Tuesday"]
[Site "Chess.com"]
[Date "2018.04.17"]
[Round "5"]
[White "GrigorGrigorov"]
[Black "Fandorine"]
[Result "0-1"]
[WhiteElo "2660"]
[BlackElo "2715"]
[TimeControl "180+2"]
[EndTime "14:10:12 PDT"]
[Termination "Fandorine won by resignation"]

1. d4 Nf6 2. c4 g6 3. Nf3 Bg7 4. g3 O-O 5. Bg2 d6 6. O-O Nbd7 7. Nc3 e5 8. e4 exd4 9. Nxd4 Re8 10. h3 a6 11. Re1 Rb8 12. a4 Ne5 13. b3 c5 14.
Nde2 Bxh3 15. Bxh3 Nf3+ 16. Kg2 Nxe1+ 17. Qxe1 Nxe4 18.
Nxe4 Rxe4 19. Ra2 d5 20. Bf4 Ra8 21. Qd1 d4 22. Nc1 Bf8 23. Nd3 Bd6 24. Qf3 f5 25. Bc1 Qe7 26. Kg1 Re8 27. Bg2 a5 28. Qd1 Re1+ 29.
Nxe1 Qxe1+ 30. Qxe1 Rxe1+ 31. Kh2 Rxc1 32. Re2 d3 33.
Rd2 Rc3 34. Bf1 Rxb3 35. Rxd3 Rb6 36. Bg2 Kf7 37. Bxb7 Bxg3+ 38. Kxg3 Rxb7 39. Rd5 Rb4 40. Rxc5 Rxa4 41. Rc7+ Kf6 42. Rxh7 Rxc4 43. Ra7 a4 44. f4 Rc3+ 45. Kh4 a3 46. Ra6+ Kf7 47. Ra7+ Ke6 48.
Ra6+ Kd5 49. Rxg6 Ke4 50. Ra6 Kxf4 51. Ra4+ Ke5 52. Ra5+ Ke4 53. Ra4+ Kd3 54. Kg5 Kc2 55. Kxf5 Kb2 56. Ke4 a2 0-1

[Event "*** Biggest EVER Titled Tuesday"]
[Site "Chess.com"]
[Date "2018.04.17"]
[Round "5"]
[White "DrStephenStrange"]
[Black "Blackmind96"]
[Result "0-1"]
[WhiteElo "1892"]
[BlackElo "2543"]
[TimeControl "180+2"]
[EndTime "14:10:13 PDT"]
[Termination "Blackmind96 won on time"]

1. Nf3 Nf6 2. c4 d6 3. Nc3 Nbd7 4. d4 e5 5. e4 Be7 6. Be2 O-O 7. O-O exd4 8. Nxd4 Re8 9. Re1 Bf8 10. Bf1 c6 11. Nf5 Nc5 12. Qf3 Bxf5 13. Qxf5 g6 14. Qf3 a5 15. Bg5 Be7 16. Rad1 Ne6 17. Bxf6 Bxf6 18. e5 Bg7 19. exd6 Qb6 20. b3 Rad8 21. Ne4 Qb4 22. d7 Re7 23. Nf6+ Bxf6 24. Qxf6 Rexd7 25. Rxd7 Rxd7 26. Qe5 Qc5 27. Qc3 b6 28. g3 Qd4 29.
Qxd4 Nxd4 30. Bg2 Kf8 31. Kf1 Nc2 32. Rc1 Nd4 33. c5 b5 34. Re1 Re7 35. Rd1 Ne6 36. Bxc6 Nxc5 37. Bxb5 Ne4 38. Bc4 Rc7 39. Re1 Nd2+ 40. Ke2 Nxc4 41. bxc4 Rxc4 42. Kd3 Ra4 43. Re2 h5 44. h4 Ra3+ 45. Kc4 Kg7 46. Kb5 Kf6 47. Kc4 Kf5 48. Kd5 f6 49. Kd6 g5 50.
hxg5 fxg5 51. Kd5 h4 52. gxh4 gxh4 0-1

[Event "*** Biggest EVER Titled Tuesday"]
[Site "Chess.com"]
[Date "2018.04.17"]
[Round "5"]
[White "Sanan_Sjugirov"]
[Black "GMVallejo"]
[Result "1-0"]
[WhiteElo "2833"]
[BlackElo "2769"]
[TimeControl "180+2"]
[EndTime "14:10:14 PDT"]
[Termination "Sanan_Sjugirov won by resignation"]

1. e4 e5 2. Nf3 Nc6 3. Bb5 Nf6 4. d3 Bc5 5. Bxc6 dxc6 6. Nbd2 Qe7 7. Nc4 Nd7 8. Qe2 Bd6 9. Bd2 c5 10. Bc3 f6 11.
Nh4 Nb8 12. Nf5 Bxf5 13. exf5 Nc6 14. Qe4 O-O-O 15. O-O-O Qd7 16. h4 h6 17. h5 Ne7 18.
Ne3 Rhf8 19. Rh4 Rf7 20. Rg4 Kb8 21. Rh1 Nc8 22. Rh3 Bf8 23. Nc4 Nd6 24. Nxd6 cxd6 25.
Qf3 d5 26. Rh1 Rc8 27. b3 b5 28. Kb1 Qb7 29. Bb2 d4 30. Qxb7+ Rxb7 31. Re1 c4 32. f4 Bd6 33. fxe5 fxe5 34. Rg6 Rd7 35.
Bc1 c3 36. g4 a5 37. f6 gxf6 38. Rxf6 a4 39. Rxh6 axb3 40. axb3 Rc6 41. Rf1 Ra6 42. Rh8+ Kb7 43. Rf6 Kc6 44. Rc8+ Kd5 45. b4 Rc7 46. Rxc7 Ra4 47. Rxd6+ Kxd6 48. Rg7 Rxb4+ 49. Ka2 Ra4+ 50. Kb3 Ra1 51. Ba3+ Kd5 52. Rd7+ Ke6 53. Rd6+ Kf7 54. g5 Rb1+ 55. Ka2 Rg1 56. g6+ Kg7 57. Rd7+ Kh6 58.
Rh7+ 1-0

[Event "*** Biggest EVER Titled Tuesday"]
[Site "Chess.com"]
[Date "2018.04.17"]
[Round "5"]
[White "MartinMatthiesen"]
[Black "EndgameGrinder"]
[Result "1-0"]
[WhiteElo "2359"]
[BlackElo "2471"]
[TimeControl "180+2"]
[EndTime "14:10:15 PDT"]
[Termination "MartinMatthiesen won by resignation"]

1. d4 d5 2. c4 Nc6 3. Nf3 Bg4 4. Nc3 e6 5. Bf4 Nf6 6. e3 Be7 7. h3 Bh5 8. Bd3 dxc4 9. Bxc4 O-O 10. O-O Nb4 11.
Be2 c6 12. Bh2 Nbd5 13. Rc1 Qa5 14. a3 Rfd8 15. Ne5 Bxe2 16. Qxe2 Nxc3 17. Rxc3 Ne4 18. Qf3 f5 19. Qh5 Rf8 20. Rc2 Rad8 21. Qe2 Bd6 22.
f3 Nf6 23. Nc4 Bxh2+ 24. Kxh2 Qd5 25. Rd1 g6 26. Ne5 Qd6 27. e4 Nd7 28. f4 Nxe5 29. fxe5 Qc7 30. exf5 Rxf5 31. b4 Rf4 32. Qe3 Rdf8 33. b5 Qd7 34. bxc6 bxc6 35. Rc4 Qd5 36. Rc5 Qd7 37. Rdc1 Rxd4 38. Rxc6 Rd2 39. Rc7 Qd5 40. Qg3 Rff2 41. Rc8+ Kg7 42. R1c7+ Rf7 43. Rxf7+ Kxf7 44. Rc7+ Kg8 45. Rxa7 Re2 46. h4 Qxe5 47. Qxe5 Rxe5 48. a4 Re3 49. a5 Ra3 50. g3 h5 51. Kg2 Kf8 52. a6 Kg8 53. Kf2 Kf8 54. Ke2 Rxg3 55. Rb7 Ra3 56. a7 Ke8 57. Rb8+ Kf7 58. a8=Q Rxa8 59. Rxa8 Kf6 60. Kf3 g5 61. hxg5+ Kxg5 62.
Ra5+ Kf6 63. Kf4 1-0

[Event "*** Biggest EVER Titled Tuesday"]
[Site "Chess.com"]
[Date "2018.04.17"]
[Round "5"]
[White "Cocaino74"]
[Black "leclash"]
[Result "1-0"]
[WhiteElo "2153"]
[BlackElo "2327"]
[TimeControl "180+2"]
[EndTime "14:10:23 PDT"]
[Termination "Cocaino74 won by resignation"]

1. e4 e5 2. Nc3 Nf6 3. g3 d5 4.
exd5 Nxd5 5. Bg2 Nxc3 6. bxc3 Nc6 7. Ne2 Be7 8. O-O O-O 9. d4 exd4 10. cxd4 Bf6 11.
c3 Re8 12. h3 Rb8 13. a4 Na5 14. Nf4 b6 15. Re1 Rxe1+ 16. Qxe1 Nb3 17. Rb1 Nxc1 18. Qxc1 Bd7 19. Nd5 Bxa4 20. Ra1 Bc6 21. Nxf6+ Qxf6 22. Rxa7 Bxg2 23. Kxg2 Qc6+ 24. Kg1 Ra8 25. Rxa8+ Qxa8 26. Qf4 Qa1+ 27. Kh2 Qxc3 28. Qe5 h6 29. Qe8+ Kh7 30.
Qxf7 Qc2 31. g4 b5 32. Qf8 Qc6 33. Qf5+ Kg8 34. Qc8+ Kf7 35. Qf5+ Ke7 36. Qe5+ Kf8 37. Qf5+ Kg8 38. Qc8+ Kf7 39. Qf5+ Ke7 40. Qe5+ Kd8 41. Kg1 b4 42. Qxg7 Qd6 43. Qg8+ Kd7 44. Qf7+ Kc6 45.
Qc4+ Kb6 46. Kf1 c5 47. dxc5+ Qxc5 48. Qe6+ Ka5 49. Qa2+ Kb5 50. Ke2 Qc4+ 51. Qxc4+ Kxc4 52. Kd2 Kb3 53. f4 Ka2 54. g5 hxg5 55. fxg5 b3 56.
g6 b2 57. g7 b1=Q 58. g8=Q+ 1-0

[Event "*** Biggest EVER Titled Tuesday"]
[Site "Chess.com"]
[Date "2018.04.17"]
[Round "5"]
[White "dretch"]
[Black "LyonBeast"]
[Result "0-1"]
[WhiteElo "2689"]
[BlackElo "2837"]
[TimeControl "180+2"]
[EndTime "14:10:26 PDT"]
[Termination "LyonBeast won by resignation"]

1. d4 Nf6 2. c4 g6 3. Nc3 d5 4.
e3 Bg7 5. Qa4+ c6 6. cxd5 Nxd5 7.
Nf3 O-O 8. Be2 Nd7 9. O-O N7b6 10. Qc2 a5 11. e4 Nb4 12. Qd1 Bg4 13. Be3 Bxf3 14. Bxf3 Nc4 15. e5 Nxe3 16. fxe3 e6 17.
Ne4 Nd5 18. Qd2 f6 19. exf6 Nxf6 20. Nc5 Qe7 21. Qc3 Nd5 22. Qb3 a4 23. Qd3 b6 24.
Ne4 e5 25. Nc3 Nb4 26. Qc4+ Kh8 27. Rad1 b5 28. Qc5 Qxc5 29. dxc5 a3 30. Rb1 Bh6 31. bxa3 Bxe3+ 32. Kh1 Nd3 33. Bxc6 Rxf1+ 34. Rxf1 Rxa3 35. Nd1 Bxc5 36. Bxb5 e4 37. Bxd3 Rxd3 38. Nb2 Rd4 39. g3 Kg7 40. Rd1 Rb4 41. Rd2 Kf6 42. Kg2 Bd4 43. Nd1 Ke5 44. Re2 Rb1 45. Nf2 e3 46.
Ng4+ Ke4 47. Nf2+ Kf5 48. Nd3 Rd1 49. Ne1 Ke4 50. Nf3 Bf6 51. Re1 Rd5 52. Re2 g5 53. Ne1 g4 54. h3 h5 55. hxg4 hxg4 56. Kf1 Bc3 57. Ng2 Rd1+ 58. Ne1 Bd2 59. a3 Ra1 60. a4 Rb1 61. a5 Bxa5 0-1

[Event "*** Biggest EVER Titled Tuesday"]
[Site "Chess.com"]
[Date "2018.04.17"]
[Round "5"]
[White "JosefineHeinemann"]
[Black "DryCounty"]
[Result "1/2-1/2"]
[WhiteElo "2381"]
[BlackElo "2516"]
[TimeControl "180+2"]
[EndTime "14:10:26 PDT"]
[Termination "Game drawn by agreement"]

1. e4 Nf6 2. Nc3 e5 3. Nf3 Nc6 4. Bc4 Bb4 5. O-O O-O 6. d3 h6 7. Bb3 d6 8. Ne2 Be6 9. Ng3 Bxb3 10. axb3 Ne7 11. c3 Bc5 12. d4 exd4 13. cxd4 Bb6 14. Qc2 Nc6 15. Rd1 Re8 16. e5 Nd5 17. Qc4 Nce7 18. Bd2 Qd7 19. Ba5 Qc6 20. exd6 cxd6 21. Ne4 Nf5 22. Nc3 Nf4 23. Bxb6 axb6 24. Rxa8 Rxa8 25.
d5 Qxc4 26. bxc4 Re8 27. g4 Ne7 28. Nb5 Nc8 29. Nfd4 Ne2+ 30. Nxe2 Rxe2 31. b3 Kf8 32. Kf1 Ra2 33. Rd3 Ke7 34. Kg2 Kd7 35. h4 Rb2 36. Rf3 f6 37. g5 hxg5 38. hxg5 fxg5 39.
Rf7+ Ne7 40. Nd4 Ke8 41. Rxg7 Rd2 42. Ne6 Rd3 43. b4 Rc3 44. c5 bxc5 45. bxc5 Nxd5 46. cxd6 Nf4+ 47. Nxf4 gxf4 48. Rxb7 Rd3 49. d7+ Ke7 50.
f3 Rxd7 51. Rxd7+ Kxd7 52. Kh3 Ke6 53. Kg4 Ke5 54. Kg5 Ke6 55. Kxf4 Kf6 56. Ke4 Ke6 57. Kf4 Kf6 58. Kg4 Kg6 59. Kg3 Kg5 60. Kf2 Kf4 61. Ke2 Kf5 62. Ke3 Ke5 63. Kf2 Kf4 64. Kg2 Kf5 65. Kg3 Kg5 66. f4+ Kf5 67. Kf3 Kf6 68. Kg4 Kg6 1/2-1/2